 Dungeon Crawl Stone Soup version 0.31-a0-150-g89dc3ad700 (webtiles) character file.

Game seed: 337768484790709622

9090 lunkers the Bludgeoner (level 11, -4/92 HPs)
             Began as a Meteoran Fighter on June 6, 2023.
             Was a High Priest of Okawaru.
             Slain by a blink frog (11 damage)
             ... on level 2 of the Lair of Beasts on June 8, 2023.
             The game lasted 00:19:57 (3689 turns).

lunkers the Bludgeoner (Meteoran Fighter)           Turns: 3689, Time: 00:19:58

Health: -4/92      AC: 15    Str: 19    XL:     11   Next: 99%
Magic:  18/18      EV:  8    Int: 11    God:    Okawaru [*****.]
Gold:   314        SH:  5    Dex: 16    Spells: 10/10 levels left

rFire   + . .        b - +5 morningstar (freeze)
rCold   + . .        c - +0 buckler
rNeg    . . .        m - +1 plate armour
rPois   .            (no helmet)
rElec   .            (no cloak)
rCorr   .            (no gloves)
SInv    .            x - +0 pair of boots
Will    +....        (no amulet) Stlth
                     e - ring of protection from fire
HPRegen 0.35/turn    s - ring of protection from cold
MPRegen 0.16/turn

%: no passive effects
@: glowing
A: sense surroundings 2, otherworldly, glowing, explore regen
a: Renounce Religion, Heroism, Finesse, Duel


You were on level 2 of the Lair of Beasts.
You worshipped Okawaru.
Okawaru was extremely pleased with you.
You visited 2 branches of the dungeon, and saw 10 of its levels.
You also visited: Ossuary.

You collected 314 gold pieces.

Inventory:

Hand Weapons
 a - a +1 flail of draining
 b - a +5 morningstar of freezing (weapon)
 t - a +0 war axe
Armour
 c - a +0 buckler (worn)
 m - a +1 plate armour (worn)
 p - a +0 ring mail of cold resistance
 x - a +0 pair of boots (worn)
Jewellery
 e - a ring of protection from fire (left hand)
 f - a +6 ring of strength
 j - an amulet of faith
 s - a ring of protection from cold (right hand)
Wands
 B - a wand of flame (11)
Scrolls
 i - 6 scrolls of blinking
 q - 3 scrolls of teleportation
 y - a scroll of fog
 z - a scroll of identify
Potions
 d - a potion of berserk rage
 g - 3 potions of heal wounds
 h - a potion of attraction
 k - 2 potions of invisibility
 l - a potion of enlightenment
 n - 4 potions of might
 o - 3 potions of curing
 r - 4 potions of mutation
 u - a potion of magic
 v - a potion of ambrosia
 w - a potion of lignification
 A - a potion of cancellation {unknown}


   Skills:
 + Level 7.1 Fighting
 - Level 7.4(11.7) Axes
 - Level 15.2(16.0) Maces & Flails
 + Level 7.4 Armour
 + Level 6.2 Dodging
 - Level 3.6 Shields
 + Level 8.1 Invocations


You had 10 spell levels left.
You didn't know any spells.
Your spell library contained the following spells:

 Spells                   Type           Power      Damage    Failure   Level
 Slow                     Hex            0%         N/A       100%        1
 Confusing Touch          Hex            0%         N/A       100%        3
 Hailstorm                Conj/Ice       0%         3d3       100%        3
 Vampiric Draining        Necr           0%         2d6       100%        3
 Vhi's Electric Charge    Tloc/Air       0%         N/A       100%        3
 Ice Form                 Ice/Tmut       0%         N/A       100%        4
 Arcjolt                  Conj/Air       0%         1d10      100%        5
 Plasma Beam              Fire/Air       0%         2x1d10    100%        6
 Simulacrum               Ice/Necr       Unusable   N/A       N/A         6

Dungeon Overview and Level Annotations

Branches:
Dungeon (8/15) Zot: 1597   Temple (0/1) D:6            Lair (2/5) D:8 Zot: 965
Ossuary (visited)
  Swamp: Lair:2-3    Shoals: Lair:2-3     Snake: Lair:2-3    Spider: Lair:2-3

Altars:
Dithmenos
Fedhas
Hepliaklqana
Okawaru

Shops:
D:2 (


Innate Abilities, Weirdness & Mutations

You passively map the area around you.
You are easily found by Zot.
You glow in the dark.
You regain HP and MP as you explore.


Message History

The blink frog is heavily wounded.
You block the blink frog's attack.
The blink frog hits you but does no damage.
You barely miss the blink frog.
The blink frog is heavily wounded.
The blink frog hits you.
* * * LOW HITPOINT WARNING * * *
The blink frog blinks!
You miss the blink frog.
The blink frog is heavily wounded.
The blink frog hits you but does no damage.
You puncture the blink frog!
The blink frog seems to slow down.
You freeze the blink frog.
You kill the blink frog!
Okawaru accepts your kill.
You see here a blink frog corpse.
The blink frog hits you but does no damage.
You sock the blink frog! You freeze the blink frog.
The blink frog is heavily wounded.
The blink frog barely misses you.
Unknown command.
You barely miss the blink frog.
The blink frog is heavily wounded.
You feel like a meek peon again. The blink frog hits you.
* * * LOW HITPOINT WARNING * * *
You barely miss the blink frog.
The blink frog is heavily wounded.
You block the blink frog's attack.
You closely miss the blink frog.
The blink frog is heavily wounded.
The blink frog hits you!
* * * LOW HITPOINT WARNING * * *
You closely miss the blink frog.
The blink frog is heavily wounded.
The blink frog barely misses you.
You miss the blink frog.
The blink frog is heavily wounded.
The blink frog hits you!
You die...

##...# .. #.....
.###* .,, * *
#....##..P#..., *
##....§.......
#....†..# *,
##....###**** #
##.....#.##*##
..,,*
#......F..##.#...
, ,,
##......@........
, ,
#..............#
* **
#.........##..##*
*
#...............
##.........###..#
* * #..........##
,** ##..........#
, * ,, ,,
##........## ,
##.......##


You could see a blink frog.

Vanquished Creatures
  A hydra (Lair:2)
  5 death yaks (D:8)
  A two-headed ogre (D:8)
  A cane toad (Lair:2)
  2 komodo dragons
  5 blink frogs
  Sigmund (D:2)
  A wyvern (D:8)
  A yak (D:8)
  A steam dragon (D:7)
  2 water moccasins
  Duvessa (D:4)
  A sky beast (D:6)
  An ice beast (D:6)
  2 black bears
  An ogre (D:4)
  A centaur (D:7)
  A wolf (Lair:1)
  A bullfrog (Lair:1)
  A gnoll sergeant (D:6)
  4 scorpions
  3 water moccasin zombies (Ossuary)
  7 wights
  Dowan (D:4)
  3 howler monkeys (D:7)
  An orc priest (D:3)
  3 hounds (D:5)
  3 jellies
  4 iguanas
  2 sleepcaps
  2 gnoll boudas
  2 orc wizards (D:3)
  2 mummies (Ossuary)
  A howler monkey zombie (D:3)
  23 gnolls
  2 shadow imps
  2 white imps
  An ufetubus (D:5)
  7 adder zombies (Ossuary)
  2 worms
  A dart slug (D:1)
  22 orcs
  7 bats
  7 endoplasms
  A giant cockroach (D:4)
  3 gnoll zombies
  4 goblins
  5 hobgoblins
  4 quokkas
  3 ball pythons
  A frilled lizard (D:2)
  8 hobgoblin zombies (Ossuary)
  3 kobold zombies (Ossuary)
  8 orc zombies (Ossuary)
  5 rats
  A rat zombie (D:5)
189 creatures vanquished.

Notes
Turn   | Place    | Note
-------+----------+-------------------------------------------
     0 | D:1      | lunkers the Meteoran Fighter began the quest for the Orb.
     0 | D:1      | Reached XP level 1. HP: 19/19 MP: 2/2
    73 | D:1      | Reached XP level 2. HP: 26/26 MP: 3/3
   117 | D:1      | Found a faded altar of an unknown god.
   274 | D:1      | Reached XP level 3. HP: 29/31 MP: 4/4
   452 | D:2      | Found Jock's Weapon Boutique.
   479 | D:2      | Noticed Sigmund
   486 | D:2      | Killed Sigmund
   487 | D:2      | Reached XP level 4. HP: 29/38 MP: 5/5
   487 | D:2      | Reached XP level 5. HP: 34/45 MP: 6/6
   487 | D:2      | Reached XP level 6. HP: 39/51 MP: 7/7
   747 | D:3      | Reached skill level 1 in Maces & Flails
   770 | D:3      | Found a shadowy altar of Dithmenos.
   843 | D:3      | Reached skill level 2 in Maces & Flails
   850 | D:3      | Reached skill level 3 in Maces & Flails
   850 | D:3      | Reached XP level 7. HP: 12/57 MP: 8/8
  1066 | D:4      | Found a blossoming altar of Fedhas.
  1193 | D:4      | Reached skill level 4 in Maces & Flails
  1335 | D:4      | Noticed Dowan
  1336 | D:4      | Noticed Duvessa
  1346 | D:4      | Killed Duvessa
  1347 | D:4      | Reached skill level 5 in Maces & Flails
  1350 | D:4      | Killed Dowan
  1351 | D:4      | Reached skill level 6 in Maces & Flails
  1351 | D:4      | Reached XP level 8. HP: 36/63 MP: 9/9
  1444 | D:4      | Found an iron altar of Okawaru.
  1452 | D:4      | Became a worshipper of Warmaster Okawaru
  1531 | D:5      | Entered Level 5 of the Dungeon
  1539 | D:5      | Reached skill level 1 in Invocations
  1758 | D:5      | Reached skill level 7 in Maces & Flails
  1763 | D:5      | Found a hazy altar of Hepliaklqana.
  1918 | D:5      | Found a sand-covered staircase.
  1942 | Ossuary  | Entered an ossuary
  2003 | Ossuary  | Reached * piety under Okawaru
  2037 | Ossuary  | Reached skill level 8 in Maces & Flails
  2093 | Ossuary  | Reached skill level 5 in Invocations
  2170 | D:5      | Gained mutation: You passively map the area around you.
                  | [Meteoran growth]
  2170 | D:5      | Reached XP level 9. HP: 54/70 MP: 13/13
  2278 | D:5      | Reached skill level 9 in Maces & Flails
  2347 | D:6      | Reached ** piety under Okawaru
  2467 | D:6      | Reached skill level 10 in Maces & Flails
  2608 | D:6      | Reached skill level 11 in Maces & Flails
  2839 | D:7      | Reached skill level 12 in Maces & Flails
  2839 | D:7      | Reached XP level 10. HP: 77/77 MP: 16/16
  2928 | D:7      | Reached *** piety under Okawaru
  3115 | D:8      | Reached skill level 13 in Maces & Flails
  3264 | D:8      | Noticed a death yak
  3264 | D:8      | Noticed a death yak
  3272 | D:8      | Noticed a death yak
  3275 | D:8      | Killed a death yak
  3283 | D:8      | Killed a death yak
  3283 | D:8      | Reached **** piety under Okawaru
  3284 | D:8      | Reached skill level 14 in Maces & Flails
  3284 | D:8      | Noticed a death yak
  3290 | D:8      | Noticed a death yak
  3296 | D:8      | Killed a death yak
  3296 | D:8      | Received a gift from Okawaru
  3297 | D:8      | Reached skill level 5 in Fighting
  3297 | D:8      | Reached skill level 5 in Armour
  3297 | D:8      | Reached XP level 11. HP: 31/88 MP: 17/17
  3307 | D:8      | Killed a death yak
  3314 | D:8      | Killed a death yak
  3314 | D:8      | Reached ***** piety under Okawaru
  3319 | D:8      | Found a staircase to the Lair.
  3373 | D:8      | Noticed a two-headed ogre
  3378 | D:8      | Killed a two-headed ogre
  3379 | D:8      | Reached skill level 15 in Maces & Flails
  3432 | Lair:1   | Entered Level 1 of the Lair of Beasts
  3450 | Lair:1   | Reached skill level 5 in Dodging
  3626 | Lair:2   | Noticed an eight-headed hydra
  3627 | Lair:2   | Upgraded the game from 0.31-a0-145-g046c7d2549 to
                  | 0.31-a0-150-g89dc3ad700
  3634 | Lair:2   | Killed an eight-headed hydra
  3689 | Lair:2   | Slain by a blink frog

Illustrated notes

Levels and vault maps discovered:
D:1:      eino_arrival_water_cross, layout_loops_ring,
          dreamdust_ecumenical_altar_hidden_monk_grotto, corner_web_ring
D:2:      layout_basic, serial_shops, nicolae_shop_tiny_real_fake_doors,
          item_on_display_a, uniq_sigmund
D:3:      layout_rooms, lemuel_zombie_altar_yredelemnul, old_standard_altar,
          kennysheep_jessica_study
D:4:      layout_layer_cave, amcnicky_altar_gilded, okawaru_trees_1,
          serial_shops, shop, uniq_duvessa
D:5:      layout_loops_ring, nicolae_hepliaklqana_hippocampus, enter_ossuary_3,
          ebering_ghost_gozag
D:6:      layout_loops_ring, minmay_temple_entry_drinking_statues
D:7:      layout_basic, bloody_makhleb, serial_glass, glass_columns_b,
          glass_columns_b, glass_columns_c, glass_columns_a, glass_columns_c,
          glass_columns_a, nicolae_nh_ransacked_shop
D:8:      layout_basic, dpeg_lair_monsters
Lair:1:   layout_gridlike, chequers_serial_rivers_large_a, wad_woods_road_03
Lair:2:   layout_gridlike, infiniplex_staircase_pool_2

Skill      XL: |  1  2  3  4  5  6  7  8  9 10 11 |
---------------+----------------------------------+-----
Axes           | 3 6 7 |  7.4
Maces & Flails | 3 6 8 12 14 15 | 15.2
Invocations    | 5 7 8 |  8.1
Fighting       | 5 7 |  7.1
Armour         | 5 7 |  7.4
Dodging        | 3 6 |  6.2
Shields        | |  3.6

Action                     |  1- 3 |  4- 6 |  7- 9 | 10-12 || total
---------------------------+-------+-------+-------+-------++-------
  Melee: War axe           |    39 |    38 |       |       ||    77
         Flail             |       |    43 |   373 |    46 ||   462
         Morningstar       |       |       |       |   137 ||   137
 Invoke: Heroism           |       |       |       |     5 ||     5
    Use: Potion            |     1 |       |       |     2 ||     3
         Scroll            |       |     5 |    11 |     3 ||    19
 Armour: Scale mail        |    13 |       |       |       ||    13
         Plate armour      |     2 |    74 |   190 |    89 ||   355
  Dodge: Dodged            |    15 |    32 |    84 |    42 ||   173
  Block: Buckler           |    12 |    23 |    72 |    34 ||   141

Table legend: (Time is in decaauts)
 A = Elapsed time spent in this place.
 B = Non-inter-level travel time spent in this place.
 C = Inter-level travel time spent in this place.
 D = Time resting spent in this place.
 E = Time spent auto-exploring this place.
 F = Levels seen in this place.
 G = Mean time per level.
                   A        B        C        D        E       F      G
               +--------+--------+--------+--------+--------+-----+--------+
         Total |   3646 |   3565 |     81 |      0 |      0 |  11 |  331.5 |
       Dungeon |   3202 |   3121 |     81 |      0 |      0 |   8 |  400.2 |
          Lair |    234 |    234 |      0 |      0 |      0 |   2 |  117.0 |
       Ossuary |    210 |    210 |      0 |      0 |      0 |   1 |  210.0 |
               +--------+--------+--------+--------+--------+-----+--------+

Top non-repeatable levels by time:
     D:5: 574 daAuts
     D:4: 466 daAuts
     D:8: 415 daAuts
     D:3: 405 daAuts
     D:2: 364 daAuts
     D:6: 356 daAuts
     D:1: 326 daAuts
     D:7: 292 daAuts
 Ossuary: 210 daAuts
  Lair:2: 138 daAuts
  Lair:1: 95 daAuts
